 Dungeon Crawl Stone Soup version 0.29.0-4-gdea44cf6ec (webtiles) character file.

Game seed: 13558052764507160733

246 qw the Chopper (level 5, -1/45 HPs)
             Began as a Minotaur Fighter on Sept 8, 2022.
             Killed by divine providence
             ... invoked by an orc priest
              (11 damage)
             ... on level 4 of the Dungeon.
             The game lasted 00:01:23 (3064 turns).

qw the Chopper (Minotaur Fighter)                   Turns: 3064, Time: 00:01:24

Health: -1/45      AC:  6    Str: 23    XL:     5   Next: 84%
Magic:  4/4        EV:  9    Int:  5    God:
Gold:   75         SH:  4    Dex:  9    Spells: 4/4 levels left

rFire   . . .      SeeInvis .   Y - +0 war axe
rCold   . . .      Faith    .   c - +0 buckler
rNeg    . . .      Spirit   .   b - +0 scale mail
rPois   .          Reflect  .   (helmet restricted)
rElec   .          Harm     .   (no cloak)
rCorr   .          Rampage  .   (no gloves)
Will    .....                   (no boots)
Stlth   ..........              (no amulet)
HPRegen 0.15/turn               (no ring)
MPRegen 0.09/turn               (no ring)

@: no status effects
A: horns 2, retaliatory headbutt
a: no special abilities


You were on level 4 of the Dungeon.
You visited 1 branch of the dungeon, and saw 4 of its levels.

You collected 105 gold pieces.
You spent 30 gold pieces at shops.


Innate Abilities, Weirdness & Mutations

You have a pair of horns on your head.
You reflexively headbutt those who attack you in melee.


   Skills:
 + Level 3.6 Fighting
 - Level 7.3 Axes
 - Level 3.6 Armour
 - Level 1.0 Dodging
 - Level 3.6 Shields


You had 4 spell levels left.
You didn't know any spells.
Your spell library was empty.

Inventory:

Hand Weapons
 k - a +0 flail
 Y - a +0 war axe (weapon)
Missiles
 a - 3 boomerangs (quivered)
Armour
 b - a +0 scale mail (worn)
 c - a +0 buckler (worn)
Scrolls
 h - a scroll of teleportation
Potions
 d - a potion of might
 e - a potion of heal wounds {unknown}
 f - 2 potions of brilliance {unknown}
 i - a potion of mutation {unknown}

Dungeon Overview and Level Annotations

Branches:
Dungeon (4/15)
 Temple: D:4-7

Altars:
Ashenzari
Uskayaw
The Shining One

Shops:
D:3 :   D:4 ?

Annotations:
D:2 1 runed translucent door, Crazy Yiuf


Message History

The scorpion is severely wounded.
You hit the orc priest but do no damage.
You closely miss something. You barely miss the orc.
The scorpion stings you but does no damage.
The orc barely misses you.
The orc priest hits you with a +0 flail!
Something hits you but does no damage. The scorpion stings you.
You are poisoned.
The scorpion poisons you! Something hits you but does no damage.
The orc closely misses you.
The orc priest hits you with a +0 flail.
You slash the scorpion!
You kill the scorpion!
You hit the orc priest. You closely miss something. You hit the orc.
You feel very sick.
You hear some strange, mumbled words.
You are confused.
The orc priest hits you but does no damage.
The orc hits you but does no damage.
Your Axes skill increases to level 7!
3062 ||| DRINKING potion of curing.
You feel better.
3062 ||| (to cure confusion)
You hear some strange, mumbled words.
A puff of flame appears from out of thin air!
The puff of flame hits you! The orc priest barely misses you.
You block the orc's attack.
You closely miss the orc.
The orc is heavily wounded.
You barely miss the orc priest. You barely miss something.
You hear some strange, mumbled words.
Something tries to affect you, but you resist.
The dart slug launches a dart at you. The slug dart hits you.
The orc hits you but does no damage.
You barely miss the orc. You headbutt the orc.
You kill the orc!
You slash the orc priest! You barely miss something. Something hits you.
The orc priest mumbles some strange prayers to Beogh against you.
Beogh smites you!
You die...

........###
..8.\.8...#........ ...
....%.............# ....
..8.<.8.....#.....##..#
.#........).#........#
###................>.#
###..#...........w...#
...............)oo.#
.............#..@{.## .
....#........##.....#...
....##.........$........
...... .................
#.....# #.........).....
......# #...............
#......##...<...........
#.....##.......<.....#.#
....................####


You could see an orc priest, a dart slug and an orc.

Vanquished Creatures
  A scorpion (D:4)
  A hound (D:4)
  An orc wizard (D:4)
  3 adders (D:3)
  3 worms
  A dart slug (D:3)
  3 orcs (D:4)
  9 bats
  6 endoplasms
  4 giant cockroaches
  4 goblins
  2 hobgoblins
  8 jackals
  9 kobolds
  7 quokkas
  14 ball pythons
  5 frilled lizards
  9 rats
90 creatures vanquished.

Notes
Turn   | Place    | Note
-------+----------+-------------------------------------------
     0 | D:1      | qw the Minotaur Fighter began the quest for the Orb.
     0 | D:1      | Reached XP level 1. HP: 19/19 MP: 0/0
     0 | D:1      | 0 ||| qw: Version: 0.1-a-112-g44dc6cd
     0 | D:1      | 0 ||| qw: Game counter: 6839
     0 | D:1      | 0 ||| qw: Always use a shield: true
     0 | D:1      | 0 ||| qw: God list: Ru
     0 | D:1      | 0 ||| qw: Allow faded altars: false
     0 | D:1      | 0 ||| qw: Do Orc after D:15 true
     0 | D:1      | 0 ||| qw: Do second Lair branch before Depths: true
     0 | D:1      | 0 ||| qw: Lair rune preference: random
     0 | D:1      | 0 ||| qw: Plans: Normal
     0 | D:1      | 0 ||| PLANNING D:1-11
   233 | D:1      | Reached skill level 3 in Axes
   263 | D:1      | Reached XP level 2. HP: 23/26 MP: 1/1
   629 | D:1      | Reached skill level 4 in Axes
   959 | D:1      | 959 ||| READING scroll labelled XAMUPPE TACLA.
   960 | D:1      | 960 ||| READING scroll labelled OVES MOOSUN.
   963 | D:1      | 963 ||| READING scroll labelled VOCLUY US RYH.
   964 | D:1      | 964 ||| READING scroll labelled SUYHUOTZUM.
   965 | D:1      | 965 ||| DRINKING 3 purple potions.
   966 | D:1      | 966 ||| DRINKING 2 clear potions.
   989 | D:1      | 989 ||| DROPPING 2 potions of flight.
   990 | D:1      | 990 ||| DROPPING potion of lignification.
  1100 | D:2      | Reached XP level 3. HP: 31/31 MP: 2/2
  1173 | D:2      | 1173 ||| Stepping ~*~*~tactically~*~*~ (stealth).
  1176 | D:2      | 1176 ||| Stepping ~*~*~tactically~*~*~ (stealth).
  1177 | D:2      | 1177 ||| Stepping ~*~*~tactically~*~*~ (stealth).
  1178 | D:2      | 1178 ||| Stepping ~*~*~tactically~*~*~ (stealth).
  1441 | D:2      | 1441 ||| Stepping ~*~*~tactically~*~*~ (stealth).
  1503 | D:2      | Reached skill level 5 in Axes
  1661 | D:2      | Found a faded altar of an unknown god.
  1705 | D:2      | Reached skill level 1 in Dodging
  1829 | D:2      | Found a runed translucent door.
  1830 | D:2      | Noticed Crazy Yiuf
  2050 | D:2      | 2050 ||| READING scroll labelled OBRIUH IRENODGH.
  2051 | D:2      | 2051 ||| DRINKING 2 brown potions.
  2084 | D:3      | Found a glowing golden altar of the Shining One.
  2129 | D:3      | 2129 ||| FLEEEEING.
  2132 | D:3      | 2132 ||| STAIRDANCE
  2223 | D:3      | Reached XP level 4. HP: 39/39 MP: 3/3
  2228 | D:3      | 2228 ||| Stepping ~*~*~tactically~*~*~ (stealth).
  2266 | D:3      | Found a hide-covered altar of Uskayaw.
  2307 | D:3      | Identified the +2 leather armour of Istrikhef {rN+ Stlth+}
  2386 | D:3      | Found Effidup's Book Shop.
  2438 | D:3      | 2438 ||| DROPPING +0 whip.
  2519 | D:3      | 2519 ||| Stepping ~*~*~tactically~*~*~ (stealth).
  2521 | D:3      | 2521 ||| Stepping ~*~*~tactically~*~*~ (hiding).
  2594 | D:3      | Identified the +0 robe of Uskayaw's Favour {rC+}
  2837 | D:3      | 2837 ||| DROPPING +2 leather armour of Istrikhef {rN+
                  | Stlth+}.
  2838 | D:3      | 2838 ||| READING scroll labelled YHADIF SUREX.
  2839 | D:3      | 2839 ||| READING scroll labelled AZEYHI LOGO.
  2851 | D:4      | Found Diazimi's Magic Scroll Shop.
  2856 | D:4      | 2856 ||| STAIRDANCE
  2876 | D:4      | 2876 ||| STAIRDANCE
  2939 | D:4      | Reached skill level 6 in Axes
  2942 | D:4      | 2942 ||| BUYING scroll of teleportation (30 gold).
  2942 | D:4      | Bought a scroll of teleportation for 30 gold pieces
  2961 | D:4      | Found a broken altar of Ashenzari.
  2966 | D:4      | 2966 ||| Stepping ~*~*~tactically~*~*~ (stealth).
  3008 | D:4      | Reached XP level 5. HP: 43/45 MP: 4/4
  3059 | D:4      | 3059 ||| DRINKING 2 potions of curing.
  3059 | D:4      | 3059 ||| (to cure confusion)
  3061 | D:4      | HP: 10/45 [poisoned by a scorpion]
  3062 | D:4      | Reached skill level 7 in Axes
  3062 | D:4      | 3062 ||| DRINKING potion of curing.
  3062 | D:4      | 3062 ||| (to cure confusion)
  3064 | D:4      | Killed from afar by an orc priest

Levels and vault maps discovered:
D:1:      co_arrival_random_square_maze, layout_basic, minmay_octomino_j4
D:2:      layout_loops_ring, hellmonk_ecumenical_altar_dog_temple,
          minmay_close_crescents, uniq_crazy_yiuf_cottage
D:3:      layout_basic, overflow_temple_1_default,
          mainiacjoe_overflow_small_starburst, serial_shops,
          nicolae_shop_advertising_works [nicolae_subvault_shop_adworks]
D:4:      layout_cave_pools, lemuel_tele_altar, amcnicky_altar_gilded,
          kennysheep_mini_moat, serial_shops, nicolae_stop_n_shop_2,
          nrook_mini_backslash

Skill      XL: |  1  2  3  4  5 |
---------------+----------------+-----
Axes           | 3 4 5 6 7 |  7.3
Dodging        | 1 |  1.0
Fighting       | |  3.6
Armour         | |  3.6
Shields        | |  3.6

Action                   |  1- 3 |  4- 6 || total
-------------------------+-------+-------++-------
Melee: War axe           |   109 |    53 ||   162
       Headbutt          |    10 |     9 ||    19
Throw: Boomerang         |     8 |    36 ||    44
  Use: Scroll            |     5 |     2 ||     7
       Potion            |     3 |     2 ||     5
Armor: Scale mail        |    48 |    30 ||    78
Dodge: Dodged            |    39 |    26 ||    65
Block: Buckler           |    15 |    15 ||    30

Table legend:
 A = Non-vault XP
 B = Vault XP
 C = Vault XP percentage of total XP
 D = Non-vault monster count
 E = Vault monster count
 F = Vault count percentage of total count
                 A         B        C        D         E       F
            +---------+---------+-------+---------+---------+-------
      Total |     342 |      13 |   3.7 |      82 |       8 |   8.9
            +---------+---------+-------+---------+---------+-------
        D:1 |      31 |       5 |  13.9 |      22 |       4 |  15.4
        D:2 |      47 |       8 |  14.5 |      25 |       4 |  13.8
        D:3 |      81 |       0 |   0.0 |      24 |       0 |   0.0
        D:4 |     183 |       0 |   0.0 |      11 |       0 |   0.0
            +---------+---------+-------+---------+---------+-------
